 Dungeon Crawl Stone Soup version 0.31.0-2-g5a2aebc5c2 (webtiles) character file.

Game seed: 8362560637430373833

288 Warped the Ruffian (level 6, -1/32 HPs)
             Began as a Vine Stalker Fighter on Jan 20, 2024.
             Was a Follower of Cheibriados.
             Slain by Pikel
             ... wielding a +1 whip of freezing
              (2 damage)
             ... on level 4 of the Dungeon.
             The game lasted 00:04:26 (2501 turns).

Warped the Ruffian (Vine Stalker Fighter)           Turns: 2501, Time: 00:04:26

Health: -1/32      AC:  7    Str: 23    XL:     6   Next: 31%
Magic:  0/7        EV:  8    Int: 10    God:    Cheibriados [*.....]
Gold:   158        SH:  9    Dex: 15    Spells: 5/5 levels left

rFire   . .          .
                       - Unarmed
rCold   . . .        q - +0 kite shield
rNeg    . . .        a - +0 scale mail
rPois   .            (no helmet)
rElec   .            d - +0 cloak
rCorr   .            (no gloves)
SInv    .            (no boots)
Will    .....        (no amulet) Stlth
                     (no ring)
HPRegen 1.05/turn    (no ring)
MPRegen 0.10/turn

%: guardian spirit
@: mighty, hasted, very quick
A: fangs 2, regeneration 1, magic shield, antimagic bite, no potion heal 2
a: Renounce Religion, Bend Time


You were on level 4 of the Dungeon.
You worshipped Cheibriados.
Cheibriados was aware of your devotion.
You visited 2 branches of the dungeon, and saw 5 of its levels.

You collected 158 gold pieces.

Inventory:

Missiles
 h - 10 stones (quivered)
 n - 2 throwing nets
Armour
 a - a +0 scale mail (worn)
 d - a +0 cloak (worn)
 q - a +0 kite shield (worn)
Scrolls
 e - 3 scrolls of teleportation {unknown}
 f - 2 scrolls of enchant weapon {unknown}
 g - 2 scrolls of fog {unknown}
 j - a scroll of poison {unknown}
 k - a scroll of blinking {unknown}
 l - 2 scrolls of enchant armour {unknown}
 m - 4 scrolls of identify {unknown}
 o - a scroll of vulnerability {unknown}


   Skills:
 - Level 2.6 Fighting
 - Level 2.4 Armour
 + Level 2.9 Shields
 * Level 6.3 Unarmed Combat


You had 5 spell levels left.
You didn't know any spells.
Your spell library contained the following spells:

 Spells                   Type           Power      Damage    Failure   Level
 Apportation              Tloc           0%         N/A       91%         1
 Foxfire                  Conj/Fire      0%         2x1d4     91%         1
 Necrotise                Necr           0%         1d4       91%         1
 Sting                    Conj/Alch      0%         1d3       91%         1
 Summon Small Mammal      Summ           0%         N/A       91%         1
 Cigotuvi's Dreadful Rot  Necr/Alch/Air  0%         N/A       97%         2
 Ensorcelled Hibernation  Hex/Ice        0%         N/A       97%         2
 Jinxbite                 Hex            0%         N/A       97%         2
 Fugue of the Fallen      Necr           0%         N/A       100%        3
 Anguish                  Hex/Necr       0%         N/A       100%        4
 Ignite Poison            Fire/Alch      0%         N/A       100%        4
 Freezing Cloud           Conj/Ice/Air   0%         6-21      100%        5
 Yara's Violent Unravell  Hex/Alch       0%         3d3       100%        5
 Plasma Beam              Fire/Air       0%         2x1d10    100%        6
 Starburst                Conj/Fire      0%         6d3       100%        6
 Enfeeble                 Hex            0%         N/A       100%        7


Dungeon Overview and Level Annotations

Branches:
Dungeon (4/15)             Temple (1/1) D:4

Altars:
Ashenzari
Cheibriados
Dithmenos
Elyvilon
Fedhas
Gozag
Hepliaklqana
Kikubaaqudgha
Makhleb
Nemelex Xobeh
Okawaru
Qazlal
Ru
Trog
Uskayaw
Vehumet
Wu Jian
Xom
Yredelemnul
Zin
The Shining One

Shops:
D:1 [!=

Annotations:
D:4 Pikel


Innate Abilities, Weirdness & Mutations

You have extremely sharp teeth.
Your natural rate of healing is unusually fast.
When hurt, damage is shared between your health and your magic reserves.
Your bite disrupts and absorbs the magic of your enemies.
Potions cannot restore your health.


Message History

Pikel hits you with a +1 whip of freezing.
Pikel freezes you.
You completely miss Pikel. You block Pikel's attack.
You barely miss Pikel. Pikel waves his whip at you.
Pikel hits you with a +1 whip of freezing!
Pikel freezes you.
You hit Pikel but do no damage. Your bite misses Pikel.
Pikel hits you with a +1 whip of freezing!
Pikel freezes you.
You closely miss Pikel. You bite Pikel, but do no damage.
You block Pikel's attack.
You feel very mighty all of a sudden.
Pikel hits you with a +1 whip of freezing.
Pikel freezes you.
You hit Pikel.
Pikel is lightly wounded.
Pikel hits you but does no damage.
You punch Pikel!
Pikel is moderately wounded.
Pikel hits you with a +1 whip of freezing!
* * * LOW HITPOINT WARNING * * *
Pikel freezes you.
* * * LOW HITPOINT WARNING * * *
Unknown command.
It was a potion of haste.
You feel yourself speed up.
Cheibriados forgives your accidental hurry, just this once.
Pikel hits you with a +1 whip of freezing.
* * * LOW HITPOINT WARNING * * *
Pikel freezes you.
* * * LOW HITPOINT WARNING * * *
Unknown command.
Okay, then.
You aren't carrying any items that you can evoke.
Pikel attacks as he pursues you!
Pikel hits you with a +1 whip of freezing.
* * * LOW HITPOINT WARNING * * *
Pikel freezes you.
You die...
Pikel says, "See you in Hell!"

#......#####.. .....
#...#.#......... #...
#......5..........####
###.#.#.###### #.....
#5#... ###...
#S#####.# #...
######## #........
#...
##......###K.######
#... #..........@..#
#... #.......#.....#
#... #.......#.....#
###. #.......#.....#
### #.......#.....#
#..
#............#######
###.#
#.######...........##
#...# #.
#.##.###.##..####.###
......###.###......#..


You could see Pikel, a lemure and an adder.

Vanquished Creatures
  A lemure (D:3)
  A scorpion (D:4)
  A howler monkey (D:4)
  A bombardier beetle (D:4)
  A hound (D:4)
  3 adders
  3 gnolls (D:3)
  2 ribbon worms
  4 orcs (D:4)
  8 endoplasms
  2 giant cockroaches
  3 goblins
  7 hobgoblins
  4 jackals (D:4)
  5 kobolds
  2 quokkas (D:1)
  3 ball pythons
  7 bats
  2 frilled lizards
  5 rats
65 creatures vanquished.

Notes
Turn   | Place    | Note
-------+----------+-------------------------------------------
     0 | D:1      | Warped the Vine Stalker Fighter began the quest for the
                  | Orb.
     0 | D:1      | Reached XP level 1. HP: 11/11 MP: 2/2
     7 | D:1      | Found Urghoehei's Distillery.
   140 | D:1      | Reached XP level 2. HP: 16/16 MP: 3/3
   160 | D:1      | Found Vitothrax's Jewellery Boutique.
   289 | D:1      | Reached skill level 3 in Unarmed Combat
   633 | D:1      | Found Jixkear's Armour Shop.
   778 | D:2      | Reached XP level 3. HP: 19/19 MP: 4/4
   980 | D:2      | Reached skill level 4 in Unarmed Combat
  1408 | D:3      | Reached XP level 4. HP: 23/23 MP: 5/5
  1424 | D:3      | Found a faded altar of an unknown god.
  1990 | D:4      | Noticed a scorpion
  2010 | D:4      | Killed a scorpion
  2011 | D:4      | Reached skill level 5 in Unarmed Combat
  2011 | D:4      | Reached XP level 5. HP: 4/27 MP: 1/6
  2062 | D:4      | Found a staircase to the Ecumenical Temple.
  2075 | Temple   | Entered the Ecumenical Temple
  2088 | Temple   | Became a worshipper of Cheibriados the Contemplative
  2265 | D:4      | Noticed a lemure
  2267 | D:4      | Noticed a lemure
  2267 | D:4      | Noticed a lemure
  2267 | D:4      | Noticed Pikel
  2269 | D:4      | Noticed a lemure
  2294 | D:3      | Killed a lemure
  2402 | D:4      | Reached * piety under Cheibriados
  2403 | D:4      | Reached skill level 6 in Unarmed Combat
  2403 | D:4      | Reached XP level 6. HP: 32/32 MP: 7/7
  2497 | D:4      | HP: 1/32 [Pikel/+1 whip of freezing (1)]
  2501 | D:4      | Slain by Pikel

Illustrated notes

Levels and vault maps discovered:
D:1:      reono_arrival_mine, layout_basic, serial_shops,
          nicolae_shop_behind_doors, shop, shop
D:2:      layout_loops_ring, wad_floor_pattern_untrapped
D:3:      layout_rooms, hellmonk_ecumenical_altar_slurped_away
D:4:      layout_basic, minmay_temple_entry_slanted, gammafunk_ghost_icy,
          minmay_quantized, uniq_pikel
Temple:   grunt_wide_crystal_templ

Skill      XL: |  1  2  3  4  5 |
---------------+----------------+-----
Unarmed Combat | 3 4 5 6 |  6.3
Fighting       | |  2.6
Armour         | |  2.4
Shields        | |  2.9

Action                     |  1- 3 |  4- 6 || total
---------------------------+-------+-------++-------
  Melee: Unarmed           |    96 |    99 ||   195
         Bite              |    21 |    27 ||    48
    Use: Potion            |       |     6 ||     6
 Armour: Scale mail        |    59 |    76 ||   135
  Dodge: Dodged            |    35 |    34 ||    69
  Block: Buckler           |    15 |     4 ||    19
         Kite shield       |       |    42 ||    42
